 Dungeon Crawl Stone Soup version 0.29.1-15-g9cfb28693d (webtiles) character file.

Game seed: 16703556865425075576

522 RitorJet the Trooper (level 7, -1/62 HPs)
             Began as a Minotaur Fighter on Apr 9, 2023.
             Was an Initiate of Yredelemnul.
             Slain by an ogre
             ... wielding a +0 giant spiked club
              (19 damage)
             ... on level 5 of the Dungeon.
             The game lasted 00:06:51 (3862 turns).

RitorJet the Trooper (Minotaur Fighter)             Turns: 3862, Time: 00:06:53

Health: -1/62      AC:  7    Str: 23    XL:     7   Next: 1%
Magic:  6/6        EV: 10    Int:  5    God:    Yredelemnul [......]
Gold:   158        SH:  5    Dex:  9    Spells: 6/6 levels left

rFire   . . .      SeeInvis .   a - +0 war axe
rCold   . . .      Faith    .   c - +0 buckler
rNeg    . . .      Spirit   .   s - +2 leather armour {Will+}
rPois   .          Reflect  .   (helmet restricted)
rElec   .          Harm     .   (no cloak)
rCorr   .          Rampage  .   (no gloves)
Will    +....                   u - +0 pair of boots
Stlth   +.........              (no amulet)
HPRegen 0.20/turn               (no ring)
MPRegen 0.10/turn               (no ring)

@: invisible
A: horns 2, retaliatory headbutt
a: Renounce Religion, Recall Undead Harvest


You were on level 5 of the Dungeon.
You worshipped Yredelemnul.
Yredelemnul was noncommittal.
You visited 1 branch of the dungeon, and saw 5 of its levels.

You collected 158 gold pieces.

Inventory:

Hand Weapons
 a - a +0 war axe (weapon)
Missiles
 o - a throwing net (quivered)
Armour
 b - a +0 scale mail
 c - a +0 buckler (worn)
 s - a +2 leather armour of willpower (worn)
 u - a +0 pair of boots (worn)
Wands
 r - a wand of polymorph (9)
Scrolls
 e - a scroll of magic mapping {unknown}
 h - 2 scrolls of vulnerability {unknown}
 i - a scroll of enchant weapon {unknown}
 m - a scroll of blinking {unknown}
 p - a scroll of fear {unknown}
 q - a scroll of noise {unknown}
Potions
 d - a potion of might
 j - 2 potions of haste
 k - a potion of berserk rage
 l - a potion of cancellation {unknown}
 n - a potion of heal wounds {unknown}
 t - a potion of ambrosia {unknown}
 v - a potion of curing {unknown}


   Skills:
 + Level 5.7 Fighting
 + Level 5.0 Axes
 + Level 5.7 Armour
 + Level 0.1 Dodging
 + Level 5.7 Shields
 + Level 0.0 Invocations


You had 6 spell levels left.
You didn't know any spells.
Your spell library was empty.

Dungeon Overview and Level Annotations

Branches:
Dungeon (5/15)
 Temple: D:4-7

Altars:
Fedhas
Trog
Yredelemnul

Shops:
D:4 :

Annotations:
D:4 exclusion: oklob plant


Innate Abilities, Weirdness & Mutations

You have a pair of horns on your head.
You reflexively headbutt those who attack you in melee.


Message History

You swap places.
A nearby plant withers and dies.
You swap places.
A nearby plant withers and dies.
Your orc zombie hits the fungus.
The fungus begins to die.
Your quokka zombie bites the plant.
The plant begins to die.
A nearby fungus withers and dies.
There is an open door here.
There is an open door here.
There is an open door here.
There is a stone staircase leading down here.
You climb downwards.
Your mindless puppets stay behind to rot.
The ogre shouts!
The white imp shouts, "Decamp, thou mewling kobold-kissing pustule!"
Found a stone staircase leading up.
There is a stone staircase leading up here.
You hit the white imp but do no damage. You headbutt the white imp!
The white imp is almost dead.
The white imp gestures at you. You block the puff of frost.
You slash the white imp!
You kill the white imp!
You hit the ogre but do no damage. You headbutt the ogre!
The ogre is moderately wounded.
The ogre hits you with a +0 giant spiked club!!
You slash the ogre!
The ogre is heavily wounded.
The ogre barely misses you.
You barely miss the ogre.
The ogre is heavily wounded.
The ogre hits you with a +0 giant spiked club!!
* * * LOW HITPOINT WARNING * * *
You fade into invisibility!
A worm comes into view.
You slash the ogre!
You headbutt the ogre, but do no damage.
The ogre is almost dead.
You barely miss the worm.
The ogre hits you with a +0 giant spiked club!!
You die...
Your body rises from the dead as a mindless zombie.

###...##
###......##
#.........# .
##........ ..
#.......# ...
##.....# ....
#...<..##.....
###..O........
#...@w......
###.......#.
##......#
#..##.... ####
.#. .. .


You could see an ogre (unable to see you) and a worm (unable to see you).

Vanquished Creatures
  Eustachio (D:4)
  A vampire bat (D:3)
  2 hounds (D:4)
  An orc priest (D:3)
  2 orc wizards
  An iguana (D:4)
  2 adders
  A white imp (D:5)
  4 dart slugs
  3 fire bats (D:3)
  8 orcs
  2 spectral bats (D:3)
  9 ball pythons
  3 bat skeletons (D:3)
  A bat zombie (D:3)
  4 endoplasms
  A giant cockroach (D:1)
  3 goblins
  4 hobgoblins
  4 quokkas
  12 bats
  A bat simulacrum (D:3)
  A frilled lizard (D:3)
  7 kobolds
  5 rats
83 creatures vanquished.

Vanquished Creatures (collateral kills)
  An endoplasm (D:3)
  A goblin (D:1)
  A bat (D:3)
  A kobold (D:4)
4 creatures vanquished.

Vanquished Creatures (others)
  A hound zombie (D:4)
  2 bat zombies (D:3)
  A fire bat zombie (D:3)
  A frilled lizard zombie (D:3)
  4 orc zombies
  4 fungi (D:4)
  4 plants (D:4)
17 creatures vanquished.

Grand Total: 104 creatures vanquished

Notes
Turn   | Place    | Note
-------+----------+-------------------------------------------
     0 | D:1      | RitorJet the Minotaur Fighter began the quest for the Orb.
     0 | D:1      | Reached XP level 1. HP: 19/19 MP: 0/0
    37 | D:1      | Reached XP level 2. HP: 27/27 MP: 1/1
    43 | D:1      | Found a faded altar of an unknown god.
    64 | D:1      | Prayed at the altar of an unknown god.
    64 | D:1      | Became a worshipper of Yredelemnul the Dark
    64 | D:1      | Reached * piety under Yredelemnul
   444 | D:1      | Reached ** piety under Yredelemnul
  1156 | D:2      | Reached XP level 3. HP: 23/33 MP: 2/2
  1792 | D:3      | Reached XP level 4. HP: 37/41 MP: 3/3
  2168 | D:3      | Reached XP level 5. HP: 47/47 MP: 4/4
  2192 | D:3      | Your ally phase bat zombie died
  2201 | D:3      | Reached skill level 5 in Fighting
  2203 | D:3      | Reached skill level 5 in Armour
  2203 | D:3      | Reached skill level 5 in Shields
  2620 | D:3      | Found a bloodstained altar of Trog.
  2701 | D:4      | Reached XP level 6. HP: 46/56 MP: 5/5
  2930 | D:4      | Noticed Eustachio
  2973 | D:4      | Killed Eustachio
  3406 | D:4      | Found Nailutuc's Vocational Training.
  3486 | D:4      | Reached skill level 5 in Axes
  3491 | D:4      | Reached XP level 7. HP: 62/62 MP: 6/6
  3710 | D:4      | Found a blossoming altar of Fedhas.
  3722 | D:4      | Noticed an oklob plant
  3852 | D:5      | Entered Level 5 of the Dungeon
  3862 | D:5      | Slain by an ogre

Illustrated notes

Levels and vault maps discovered:
D:1:      lightli_arrival_lavapool, layout_basic, shapermc_ecumenical_altar_venn
D:2:      layout_rooms, serial_co_window_serial, co_window_paths_b,
          co_window_paths_a, co_window_paths_b, co_window_paths_b,
          co_window_of_opportunity_a, co_window_paths_b, co_window_corner_b,
          co_window_of_opportunity_c, co_window_broadway_c, co_window_corner_b,
          co_window_broadway_a, co_window_unsneaky_path_e, co_window_corner_ca,
          co_window_4corner_b
D:3:      layout_basic, overflow_temple_1_default, goddamned_bats
D:4:      layout_gridville, tgw_fedhas, nicolae_shop_vocational, uniq_eustachio
D:5:      layout_cave_pools, zin_angel, okawaru_altar_gauntlet_db

Skill      XL: |  1  2  3  4  5  6 |
---------------+-------------------+-----
Shields        | 4 5 |  5.7
Armour         | 4 5 |  5.7
Fighting       | 4 5 |  5.7
Axes           | 3 4 5 |  5.0
Dodging        | |  0.1

Action                   |  1- 3 |  4- 6 |  7- 9 || total
-------------------------+-------+-------+-------++-------
Melee: War axe           |    54 |   152 |     7 ||   213
       Headbutt          |     6 |    15 |     3 ||    24
  Use: Scroll            |       |       |     3 ||     3
       Potion            |       |       |     1 ||     1
Armor: Scale mail        |    25 |    75 |       ||   100
       Skin              |       |    37 |       ||    37
       Leather armour    |       |     9 |       ||     9
Dodge: Dodged            |    25 |    80 |     1 ||   106
Block: Buckler           |    13 |    52 |     1 ||    66
